 Dungeon Crawl Stone Soup version 0.25-a0-927-g39f137c8b7 (webtiles) character file.

Game seed: 1207336321835378856, levelgen mode: deterministic

54 Maedhros the Sneak (level 3, -5/23 HPs)
             Began as an Octopode Artificer on May 3, 2020.
             Slain by a gnoll
             ... wielding a cursed +0 whip
              (11 damage)
             ... on level 4 of the Dungeon.
             The game lasted 00:01:17 (439 turns).

Maedhros the Sneak (Octopode Artificer)              Turns: 439, Time: 00:01:20

Health: -5/23      AC:  1    Str: 11    XL:     3   Next: 91%
Magic:  5/5        EV: 13    Int: 13    God:
Gold:   35         SH:  0    Dex: 13    Spells: 2/2 levels left

rFire    . . .     SeeInvis .   a - +0 short sword
rCold    + . .     Gourm    .   (no shield)
rNeg     . . .     Faith    .   (helmet restricted)
rPois    .         Spirit   .   (no amulet)
rElec    .         Reflect  .   g - ring of protection from cold
rCorr    .         Harm     .   (no ring)
MR       .....                  (no ring)
Stlth    +++.......             (no ring)
HPRegen  0.07/turn              (no ring)
MPRegen  0.09/turn              (no ring)
                                (no ring)
                                (no ring)

@: brilliant
A: almost no armour, stealthy swim, amphibious, 8 rings, constrict 8, camouflage
1, gelatinous body 1
a: no special abilities


You were on level 4 of the Dungeon.
You were not hungry.

You visited 1 branch of the dungeon, and saw 4 of its levels.

You collected 35 gold pieces.

Inventory:

Hand Weapons
 a - a +0 short sword (weapon)
Jewellery
 g - a ring of protection from cold (left tentacle)
Wands
 b - a wand of flame (12)
 c - a wand of enslavement (12)
 d - a wand of random effects (14)
Scrolls
 e - a scroll of remove curse {unknown}
 h - 2 scrolls of enchant armour {unknown}
 i - 3 scrolls of identify {unknown}
Potions
 j - 2 potions of brilliance
 k - a potion of curing {unknown}
Comestibles
 f - 2 rations


   Skills:
 - Level 1.0 Fighting
 - Level 1.0 Short Blades
 - Level 2.0 Dodging
 - Level 4.0 Stealth
 + Level 2.1 Unarmed Combat
 - Level 3.2 Evocations


You had 2 spell levels left.
You didn't know any spells.
Your spell library was empty.

Dungeon Overview and Level Annotations

Branches:
Dungeon (4/15)
 Temple: D:4-7

Altars:
Sif Muna


Innate Abilities, Weirdness & Mutations

You cannot wear most types of armour.
You are very stealthy in the water. (Stealth+)
You are amphibious.
You can wear up to eight rings at the same time.
You can use your tentacles to constrict eight enemies at once.
Your skin changes colour to match your surroundings (Stealth+).
Your rubbery body absorbs attacks. (AC +1, EV +1)


Message History

You constrict the gnoll, but do no damage.
The gnoll shouts! x3
The gnoll misses you. The gnoll barely misses you. x2
Evoke which item? (* to show all) (? for menu, Esc to quit)
Aiming: Enslavement
Press: ? - help, Shift-Dir - straight line The gnoll is charmed.
You constrict the gnoll, but do no damage.
The gnoll barely misses you.
Your gnoll hits the gnoll but does no damage.
The gnoll hits you with a +0 spear.
* * * LOW HITPOINT WARNING * * *
It was a potion of brilliance.
You feel clever all of a sudden.
You constrict the gnoll.
Your gnoll hits the gnoll with a +0 spear.
The gnoll dies!
Your Unarmed Combat skill increases to level 2!
The gnoll hits you with a cursed +0 whip!
You die...

....
###########....
#..............
#..............
#............
#.....g....#
#....g)....#
#......@...#
#.....g....#
#..........#
#..........#
#..........#
############


You could see 2 gnolls and a friendly gnoll (unaware).

Vanquished Creatures
  2 adders
  An ooze (D:2)
  A dart slug (D:1)
  2 giant cockroaches
  3 goblins
  A hobgoblin (D:2)
  2 jackals (D:1)
  A bat (D:1)
  3 kobolds
  3 rats (D:1)
19 creatures vanquished.

Vanquished Creatures (collateral kills)
  A gnoll (D:4)
  A dart slug (D:1)
  2 jackals (D:1)
4 creatures vanquished.

Grand Total: 23 creatures vanquished

Notes
Turn   | Place    | Note
-------+----------+-------------------------------------------
     0 | D:1      | Maedhros the Octopode Artificer began the quest for the
                  | Orb.
     0 | D:1      | Reached XP level 1. HP: 13/13 MP: 3/3
    24 | D:1      | Reached skill level 2 in Stealth
    43 | D:1      | Reached XP level 2. HP: 5/18 MP: 4/4
    45 | D:1      | Reached skill level 3 in Stealth
   118 | D:2      | Reached skill level 4 in Stealth
   263 | D:2      | Reached XP level 3. HP: 13/23 MP: 5/5
   297 | D:2      | Found a shimmering blue altar of Sif Muna.
   353 | D:2      | Reached skill level 1 in Unarmed Combat
   439 | D:4      | Slain by a gnoll

Levels and vault maps discovered:
D:1:      lightli_arrival_chessboard, layout_rooms
D:2:      minmay_alternating_diamond, layout_rooms, lemuel_blue_sif_altar
D:3:      layout_loops_ring, first_ration, serial_bayou_pond_d, tgw_xom
D:4:      layout_rooms, minmay_statues_item, kennysheep_pointless_box,
          minmay_crossroads

Skill      XL: |  1  2  3 |
---------------+----------+-----
Stealth        | 2 4 |  4.0
Unarmed Combat | 2 |  2.1
Fighting       | |  1.0
Short Blades   | |  1.0
Dodging        | |  2.0
Evocations     | |  3.2

Action                   || total
-------------------------++-------
Melee: Short sword       ||    27
       Constrict         ||    10
       Tentacles         ||     4
Evoke: Wand              ||     7
  Use: Potion            ||     1
 Stab: Sleeping          ||     3
Armor: Skin              ||     2
Dodge: Dodged            ||    26

Table legend:
 A = Non-vault XP
 B = Vault XP
 C = Vault XP percentage of total XP
 D = Non-vault monster count
 E = Vault monster count
 F = Vault count percentage of total count
                 A         B        C        D         E       F
            +---------+---------+-------+---------+---------+-------
      Total |      78 |       0 |   0.0 |      22 |       0 |   0.0
            +---------+---------+-------+---------+---------+-------
        D:1 |      20 |       0 |   0.0 |      12 |       0 |   0.0
        D:2 |      28 |       0 |   0.0 |       6 |       0 |   0.0
        D:3 |      16 |       0 |   0.0 |       3 |       0 |   0.0
        D:4 |      14 |       0 |   0.0 |       1 |       0 |   0.0
            +---------+---------+-------+---------+---------+-------
